 Dungeon Crawl Stone Soup version 0.31-a0-231-g51bb95cda3 (webtiles) character file.

Game seed: 7080089373263158911

209906 qw the Marksgargoyle (level 19, -14/132 HPs)
             Began as a Gargoyle Hexslinger on July 6, 2023.
             Was an Elder of Okawaru.
             Demolished by qw's illusion (illusionary) (19 damage)
             ... woven by Mara
             ... on level 3 of the Snake Pit.
             The game lasted 00:17:41 (31970 turns).

qw the Marksgargoyle (Gargoyle Hexslinger)         Turns: 31970, Time: 00:17:41

Health: -14/132    AC: 32    Str: 19    XL:     19   Next: 25%
Magic:  29/29      EV: 31    Int: 16    God:    Okawaru [****..]
Gold:   1857       SH:  0    Dex: 24    Spells: 19/20 levels left

rFire   + . .        p - +4 longbow (heavy)
rCold   + . .        (shield currently unavailable)
rNeg    + . .        l - +2 troll leather armour {Snorg}
rPois   inf          z - +0 helmet
rElec   +            j - +1 cloak of Starlight {*Dazzle EV+4 Stlth--}
rCorr   .            e - +1 pair of gloves
SInv    +            A - +0 pair of boots "Tadaiw" {Str+3 SInv}
Will    ++...        d - amulet of faith
Stlth   +            y - ring "Ecizodgh" {rF+ rC+ Str+4 Slay+2}
HPRegen 1.22/turn    w - +6 ring of dexterity
MPRegen 0.21/turn

%: faith
@: heroic, flying
A: sickness immunity, AC +14, big wings, negative energy resistance 1,
electricity resistance, torment resistance 1, petrification resistance, high MP
1, strong-willed 1, MP-powered wands
a: Renounce Religion, Heroism, Finesse


You were on level 3 of the Snake Pit.
You worshipped Okawaru.
Okawaru was greatly pleased with you.
You visited 6 branches of the dungeon, and saw 29 of its levels.
You visited the Abyss 1 time.
You also visited: Sewer and Ossuary.

You collected 3008 gold pieces.
You spent 1151 gold pieces at shops.


Innate Abilities, Weirdness & Mutations

You are immune to sickness and miasma.
Your stone body is resilient. (AC +14)
You are immune to poison.
Your large and strong wings let you fly.
You resist negative energy. (rN+)
You are resistant to electric shocks. (rElec)
You are resistant to unholy torment.
You are immune to petrification.
You have an increased reservoir of magic. (+10% MP)
You are strong-willed. (Will+)
You expend magic power (3 MP) to strengthen your wands.


   Skills:
 - Level 19.0(24.0) Fighting
 - Level 20.0(25.0) Ranged Weapons
 - Level 11.0(16.0) Armour
 + Level 12.9(17.9) Dodging
 - Level 1.0 Spellcasting
 - Level 2.6 Hexes
 - Level 10.0 Invocations


You had 19 spell levels left.
You knew the following spells:

 Your Spells              Type           Power      Damage    Failure   Level
a - Slow                  Hex            36%        N/A       9%          1

Your spell library contained the following spells:

 Spells                   Type           Power      Damage    Failure   Level
 Inner Flame              Hex/Fire       5%         N/A       41%         3
 Portal Projectile        Hex/Tloc       10%        N/A       41%         3
 Cause Fear               Hex            4%         N/A       63%         4

Inventory:

Hand Weapons
 p - a +4 heavy longbow (weapon)
Armour
 e - a +1 pair of gloves (worn)
 j - the +1 cloak of Starlight (worn) {*Dazzle EV+4 Stlth--}
   (You acquired it on level 10 of the Dungeon)

   *Dazzle:   It may blind those who miss an attack against the wearer in melee
   combat.
   EV:        It affects your evasion (+4).
   Stlth:     It makes you much less stealthy.
 l - a +2 troll leather armour (worn) {Snorg}
 s - a +2 pair of boots
 z - a +0 helmet (worn)
 A - the +0 pair of boots "Tadaiw" (worn) {Str+3 SInv}
   (Okawaru gifted it to you on level 12 of the Dungeon)

   Str:       It affects your strength (+3).
   SInv:      It lets you see invisible.
Jewellery
 d - an amulet of faith (around neck)
 g - the ring of Voecin {Ice rN++ Int-3 Slay+3 SInv}
   (You found it on level 5 of the Dungeon)

   [ring of ice]

   It enhances your ice magic.
   Int:       It affects your intelligence (-3).
   Slay:      It affects your accuracy & damage with ranged weapons and melee
   (+3).
   rF:        It makes you vulnerable to fire.
   rC:        It protects you from cold.
   rN:        It greatly protects you from negative energy.
   SInv:      It lets you see invisible.
 q - an amulet of reflection
 w - a +6 ring of dexterity (right hand)
 y - the ring "Ecizodgh" (left hand) {rF+ rC+ Str+4 Slay+2}
   (You found it on level 12 of the Dungeon)

   [ring of protection from fire]

   Str:       It affects your strength (+4).
   Slay:      It affects your accuracy & damage with ranged weapons and melee
   (+2).
   rF:        It protects you from fire.
   rC:        It protects you from cold.
 Y - a +5 ring of evasion
Wands
 v - a wand of digging (8)
Scrolls
 a - 19 scrolls of identify
Potions
 b - 3 potions of mutation
 c - 6 potions of curing
 f - 2 potions of haste
 i - a potion of cancellation
 k - 4 potions of enlightenment
 m - 2 potions of might
 o - 2 potions of magic
 r - a potion of resistance

Dungeon Overview and Level Annotations

Branches:
Dungeon (15/15)            Temple (1/1) D:4            Lair (5/5) D:9
  Swamp (3/4) Lair:3        Snake (3/4) Lair:3        Slime (0/5) Lair:5
    Orc (2/2) D:12            Elf (0/3) Orc:2        Vaults (0/5) D:13
 Depths (0/4) D:15          Sewer (visited)         Ossuary (visited)

Altars:
Ashenzari
Cheibriados
Dithmenos
Elyvilon
Fedhas
Gozag
Hepliaklqana
Kikubaaqudgha
Makhleb
Nemelex Xobeh
Okawaru
Qazlal
Ru
Sif Muna
Trog
Uskayaw
Vehumet
Wu Jian
Xom
Yredelemnul
Zin
The Shining One
Jiyva

Shops:
D:4 :   D:5 [   D:7 =   D:14 (   Orc:1 (   Orc:2 =:*[(   Snake:2 :=:

Annotations:
D:5 4 runed translucent doors
D:8 1 runed translucent door, qw's ghost, novice MiHs
D:9 1 runed translucent door
Lair:5 2 runed translucent doors
Snake:3 Mara


Message History

Mara completely misses you. Qw's illusion hits you.
You shoot an arrow. The arrow misses qw's illusion.
The arrow misses Mara.
Mara hits you from afar with a +0 demon trident of draining.
Mara hits you from afar with a +0 demon trident of draining!!
Qw's illusion completely misses you.
You shoot an arrow. The arrow misses qw's illusion.
The arrow completely misses Mara.
Mara blinks! x3; Qw's illusion completely misses you.
You shoot an arrow. The arrow hits qw's illusion!!!
You destroy qw's illusion!
Qw's illusion shimmers and vanishes!
Mara gestures at you.
There is a horrible, sudden wrenching feeling in your soul!
You shoot an arrow. The arrow hits Mara!!!
Mara is almost dead.
Mara misses you.
You shoot an arrow. The arrow hits Mara!!
You kill Mara!
Mara shimmers and vanishes!
Mara gestures at you. The bolt of fire hits you! You resist.
You shoot an arrow. The arrow hits Mara.
Mara is lightly wounded.
Mara hits you from afar with a +0 demon trident of draining!!
You shoot an arrow. The arrow barely misses Mara.
Mara weaves an illusion.
Mara shimmers and seems to become two!
You shoot an arrow.
The arrow completely misses qw's illusion.
Mara blinks! x2; Qw's illusion hits you!!
You shoot an arrow. The arrow misses qw's illusion.
Qw's illusion completely misses you.
Mara blinks!
You shoot an arrow.
The arrow hits qw's illusion but does no damage.
Qw's illusion misses you. Mara gestures at you.
The bolt of fire misses Mara.
The bolt of fire misses you.
You shoot an arrow. The arrow closely misses qw's illusion.
Qw's illusion hits you!!
You die...

##!...### ##...# ##
##.....####....#
###....#.....## #
##...R..>.## #
##........# ##
###.........#####.
##.#R.........#....
#..........))......
#.@@.#######.......
#...## ##)..... .....#
#...... P~.....# #^.))..
~P~~.....# ##...#..
P~~~P..... ######...###.
#~7R.....> ........## ##
##~P7#.............####.
.........##..


You could see 3 Maras and qw's illusion.

Vanquished Creatures
  Vashnia (Snake:2)
  Rupert (Lair:4)
  Frances (D:13)
  Kirke (Snake:1)
  A tentacled starspawn (Abyss:3)
  A fenstrider witch (Swamp:3)
  Aizul (Snake:1)
  A ghoul (Swamp:3)
  4 orc warlords
  2 very ugly things (Abyss:3)
  4 eleionomae
  3 bunyips
  Azrael (Snake:3)
  Snorg (D:13)
  Josephine (D:13)
  A shambling mangrove (Swamp:2)
  Fannar (D:10)
  Erolcha (Orc:1)
  2 fire dragons (D:15)
  A spriggan air mage (Swamp:3)
  6 centaur warriors
  10 hydras
  5 boulder beetles
  2 catoblepae
  An ogre mage (D:15)
  Erica (D:11)
  7 two-headed ogres
  5 alligators
  2 anacondas
  5 thrashing horrors (Abyss:3)
  5 death yaks (Lair:3)
  4 naga warriors
  8 naga sharpshooters
  7 orc high priests
  A shock serpent (Snake:2)
  Sonja (D:11)
  A deep elf knight (Orc:1)
  3 skeletal warriors (D:12)
  A skyshark (Lair:5)
  4 goliath frogs
  A glowing orange brain (Abyss:3)
  A death drake (Swamp:3)
  A bog body (Swamp:2)
  A glowing orange brain (shapeshifter) (Swamp:3)
  3 naga ritualists
  A lindwurm (Lair:3)
  A spriggan simulacrum (Abyss:3)
  5 swamp dragons
  4 spriggan druids
  11 mana vipers
  6 deep elf pyromancers
  A harpy (shapeshifter) (D:13)
  3 harpies (D:14)
  9 ugly things
  6 orc knights
  3 manticores
  5 will-o-the-wisps
  3 cyclopes
  9 orc sorcerers
  6 elephants (Lair:4)
  2 salamanders
  Maurice (D:13)
  29 black mambas
  5 naga magi
  2 molten gargoyles (Lair:5)
  2 guardian serpents
  An orange demon (Abyss:3)
  2 torpor snails
  3 gargoyles (D:12)
  Maggie (Lair:1)
  A cane toad (shapeshifter) (D:13)
  2 unseen horrors
  11 komodo dragons
  8 cane toads
  4 kobold demonologists (D:13)
  7 rime drakes
  2 efreet
  2 ancient zymes (Abyss:3)
  11 trolls
  9 tyrant leeches
  A bloated husk (Swamp:1)
  A polar bear (shapeshifter) (D:13)
  A polar bear (Lair:5)
  25 blink frogs
  6 hornets
  6 dream sheep (Lair:5)
  Sigmund (D:5)
  4 shadows
  5 vampires
  6 spriggans
  20 slime creatures
  8 basilisks
  A fire bat (D:9)
  21 wraiths
  7 wyverns
  Eustachio (D:6)
  4 fire elementals (Snake:3)
  5 hogs (Snake:1)
  51 yaks
  A human (Snake:1)
  4 steam dragons
  11 vampire mosquitoes
  A small abomination (Abyss:3)
  20 nagas
  4 wargs
  13 swamp worms
  2 acid dragons (D:10)
  8 hell hounds
  20 water moccasins
  Edmund (D:5)
  Duvessa (D:7)
  48 orc warriors
  2 black bears (shapeshifter)
  4 ice beasts
  3 sky beasts
  A black bear (D:6)
  A boggart (D:12)
  14 ogres
  15 wolves
  2 large abominations (Abyss:3)
  14 centaurs
  2 phantoms (D:5)
  4 kobold brigands
  10 bullfrogs
  4 gnoll sergeants
  5 scorpions
  A wyvern zombie (Ossuary)
  A water moccasin zombie (Ossuary)
  7 wights
  Dowan (D:7)
  17 killer bees
  3 electric eels
  5 howler monkeys
  3 bullfrog zombies (Ossuary)
  4 hounds
  5 lava snakes (Lair:5)
  13 centaur zombies
  An iron imp (Abyss:3)
  A gnoll bouda (D:8)
  7 jellies
  26 orc priests
  3 sleepcaps
  7 iguanas
  28 orc wizards
  A statue (D:6)
  17 mummies (Ossuary)
  15 gnolls
  13 adders
  A shadow imp (D:7)
  16 white imps
  A worm (D:3)
  3 dart slugs
  112 orcs
  8 ball pythons
  16 endoplasms
  15 giant cockroaches
  4 goblins
  6 hobgoblins
  11 jackals
  13 quokkas
  13 bats
  6 frilled lizards
  22 kobolds
  5 rats
1114 creatures vanquished.

Vanquished Creatures (others)
  A goliath frog (Swamp:1)
  A wizard (D:9)
  A black mamba (Snake:3)
  A bloated husk (Swamp:3)
  A naga (Snake:2)
  A small abomination (Abyss:3)
  A sleepcap (D:4)
  2 orcs (Orc:1)
  3 foxfires (Swamp:3)
12 creatures vanquished.

Grand Total: 1126 creatures vanquished

Notes
Turn   | Place    | Note
-------+----------+-------------------------------------------
     0 | D:1      | qw the Gargoyle Hexslinger began the quest for the Orb.
     0 | D:1      | Reached XP level 1. HP: 12/12 MP: 2/2
     0 | D:1      | 0 ||| qw: Version: 0.3-a-46-gb1f654a
     0 | D:1      | 0 ||| qw: Game counter: 1896
     0 | D:1      | 0 ||| qw: Melee chars always use a shield: true
     0 | D:1      | 0 ||| qw: God list: Okawaru
     0 | D:1      | 0 ||| qw: Allow faded altars: false
     0 | D:1      | 0 ||| qw: Do Orc after clearing Dungeon:15 true
     0 | D:1      | 0 ||| qw: Do second Lair branch before Depths: true
     0 | D:1      | 0 ||| qw: Lair rune preference: random
     0 | D:1      | 0 ||| qw: Goals: Normal
     0 | D:1      | 0 ||| PLANNING D:1-11
   134 | D:1      | Reached XP level 2. HP: 16/16 MP: 3/3
   227 | D:1      | HP: 3/16 [quokka (4)]
   449 | D:1      | Reached skill level 3 in Ranged Weapons
   685 | D:1      | Reached XP level 3. HP: 20/21 MP: 4/4
   902 | D:1      | 902 ||| UPGRADING to +0 pair of gloves.
   907 | D:1      | 907 ||| UPGRADING to +0 ring mail.
   917 | D:1      | 917 ||| DROPPING +0 robe.
   918 | D:1      | 918 ||| UPGRADING to +4 ring of protection.
   919 | D:1      | 919 ||| READING 2 scrolls labelled ADOTTA FARE.
   920 | D:1      | 920 ||| READING scroll of enchant weapon.
   920 | D:1      | 920 ||| ENCHANTING +2 sling.
   921 | D:1      | 921 ||| READING scroll labelled MORCHU CIURYOC.
   922 | D:1      | 922 ||| READING scroll labelled CAELIU CIGEINOF.
   923 | D:1      | 923 ||| READING scroll labelled MIBOUN UCARIS.
   924 | D:1      | 924 ||| DROPPING scroll of poison.
  1624 | D:2      | 1624 ||| UPGRADING to amulet of faith.
  1629 | D:2      | 1629 ||| UPGRADING to +5 ring of evasion.
  1630 | D:2      | 1630 ||| DRINKING 3 lumpy clear potions.
  1630 | D:2      | Gained mutation: You are frail. (-10% HP) [potion of
                  | mutation]
  1630 | D:2      | Gained mutation: You are very frail. (-20% HP) [potion of
                  | mutation]
  1631 | D:2      | 1631 ||| DRINKING 2 potions of mutation.
  1631 | D:2      | Lost mutation: You are very frail. (-20% HP) [potion of
                  | mutation]
  1631 | D:2      | Lost mutation: You are frail. (-10% HP) [potion of
                  | mutation]
  1631 | D:2      | Gained mutation: You have an increased reservoir of magic.
                  | (+10% MP) [potion of mutation]
  1631 | D:2      | Gained mutation: You expend magic power (3 MP) to
                  | strengthen your wands. [potion of mutation]
  1631 | D:2      | Gained mutation: You are strong-willed. (Will+) [potion of
                  | mutation]
  1650 | D:2      | 1650 ||| DRINKING 3 black potions.
  1651 | D:2      | 1651 ||| DRINKING 2 fizzy white potions.
  1652 | D:2      | 1652 ||| READING 2 scrolls of identify.
  1652 | D:2      | 1652 ||| IDENTIFYING lumpy orange potion
  1653 | D:2      | 1653 ||| DROPPING 2 potions of attraction.
  1654 | D:2      | 1654 ||| DROPPING potion of brilliance.
  1698 | D:3      | Reached skill level 1 in Armour
  1701 | D:3      | 1701 ||| READING scroll of enchant weapon.
  1701 | D:3      | 1701 ||| ENCHANTING +3 sling of freezing.
  1886 | D:3      | Found a faded altar of an unknown god.
  2154 | D:3      | Reached XP level 4. HP: 24/26 MP: 6/6
  2585 | D:3      | 2585 ||| READING scroll labelled ZURUFE CUSE.
  2586 | D:3      | 2586 ||| READING scroll labelled PENIMU YTOGEP.
  2587 | D:3      | 2587 ||| DRINKING 2 sapphire potions.
  2588 | D:3      | 2588 ||| READING 2 scrolls of identify.
  2588 | D:3      | 2588 ||| IDENTIFYING coppery potion
  2632 | D:4      | Reached skill level 4 in Ranged Weapons
  2637 | D:4      | 2637 ||| STAIRDANCE
  2657 | D:4      | 2657 ||| STAIRDANCE
  2678 | D:4      | Reached XP level 5. HP: 30/30 MP: 7/7
  2694 | D:4      | Noticed a centaur
  2705 | D:4      | Killed a centaur
  2706 | D:4      | Reached skill level 5 in Ranged Weapons
  2706 | D:4      | Reached XP level 6. HP: 11/35 MP: 8/8
  2968 | D:4      | Found a staircase to the Ecumenical Temple.
  2969 | D:4      | 2969 ||| PLANNING TEMPLE
  2969 | D:4      | 2969 ||| DROPPING amulet of magic regeneration.
  2970 | D:4      | 2970 ||| READING scroll labelled RIANKE ONEIS.
  2988 | Temple   | Entered the Ecumenical Temple
  3106 | Temple   | 3106 ||| PLANNING OKAWARU WORSHIP
  3178 | Temple   | Became a worshipper of Warmaster Okawaru
  3179 | Temple   | 3179 ||| PLANNING D:1-11
  3305 | D:4      | HP: 9/36 [iguana (9)]
  3307 | D:4      | Reached skill level 3 in Fighting
  3504 | D:4      | Found Urghurole's Book Shop.
  3645 | D:5      | Entered Level 5 of the Dungeon
  3646 | D:5      | 3646 ||| PLANNING SEWER
  3653 | D:5      | Noticed Sigmund
  3658 | D:5      | 3658 ||| FLEEEEING.
  3660 | D:5      | 3660 ||| FLEEEEING.
  3661 | D:5      | 3661 ||| FLEEEEING.
  3662 | D:5      | 3662 ||| FLEEEEING.
  3663 | D:5      | 3663 ||| FLEEEEING.
  3664 | D:5      | 3664 ||| FLEEEEING.
  3665 | D:5      | 3665 ||| STAIRDANCE
  3704 | D:5      | Reached skill level 6 in Ranged Weapons
  3705 | D:5      | Killed Sigmund
  3705 | D:5      | Reached * piety under Okawaru
  3706 | D:5      | Reached XP level 7. HP: 44/44 MP: 9/9
  3714 | D:5      | Found a large runed translucent door.
  3714 | D:5      | Found a large runed translucent door.
  3733 | D:5      | Reached skill level 1 in Invocations
  3769 | D:5      | 3769 ||| INVOKING Heroism.
  3821 | D:5      | Identified the +2 falchion of the Old World {heavy, rPois
                  | Str+3}
  3848 | D:5      | Found a large runed translucent door.
  3848 | D:5      | Found a large runed translucent door.
  3856 | D:5      | 3856 ||| FLEEEEING.
  3857 | D:5      | 3857 ||| FLEEEEING.
  3858 | D:5      | 3858 ||| FLEEEEING.
  3859 | D:5      | 3859 ||| FLEEEEING.
  3860 | D:5      | 3860 ||| FLEEEEING.
  3861 | D:5      | 3861 ||| FLEEEEING.
  3862 | D:5      | 3862 ||| FLEEEEING.
  3863 | D:5      | 3863 ||| FLEEEEING.
  3864 | D:5      | 3864 ||| INVOKING Heroism.
  3873 | D:5      | Reached skill level 7 in Ranged Weapons
  3873 | D:5      | Reached skill level 3 in Invocations
  3873 | D:5      | Reached XP level 8. HP: 13/48 MP: 9/11
  4023 | D:5      | Noticed Edmund
  4024 | D:5      | 4024 ||| INVOKING Heroism.
  4034 | D:5      | Killed Edmund
  4119 | D:5      | Found Xaulli Rofe's Armour Shoppe.
  4127 | D:5      | Found a glowing drain.
  4128 | D:5      | 4128 ||| BUYING +0 leather armour "Teocugob" {rC+} (192
                  | gold).
  4128 | D:5      | Bought the +0 leather armour "Teocugob" {rC+} for 192 gold
                  | pieces
  4128 | D:5      | 4128 ||| BUYING +0 pair of boots (54 gold).
  4128 | D:5      | Bought a +0 pair of boots for 54 gold pieces
  4128 | D:5      | 4128 ||| SHOPLISTING +4 robe of the Vaults {+Inv rPois
                  | Str+4 Slay+2} (668 gold, have 50).
  4128 | D:5      | 4128 ||| UPGRADING to +0 leather armour "Teocugob" {rC+}.
  4138 | D:5      | 4138 ||| UPGRADING to +0 pair of boots.
  4176 | Sewer    | Entered a sewer
  4195 | Sewer    | 4195 ||| Stepping ~*~*~tactically~*~*~ (water).
  4208 | Sewer    | Reached skill level 8 in Ranged Weapons
  4209 | Sewer    | 4209 ||| Stepping ~*~*~tactically~*~*~ (water).
  4212 | Sewer    | 4212 ||| Stepping ~*~*~tactically~*~*~ (water).
  4261 | Sewer    | 4261 ||| Stepping ~*~*~tactically~*~*~ (water).
  4270 | Sewer    | 4270 ||| Stepping ~*~*~tactically~*~*~ (water).
  4279 | Sewer    | Reached ** piety under Okawaru
  4292 | Sewer    | 4292 ||| Stepping ~*~*~tactically~*~*~ (water).
  4306 | Sewer    | 4306 ||| Stepping ~*~*~tactically~*~*~ (water).
  4339 | Sewer    | 4339 ||| Stepping ~*~*~tactically~*~*~ (water).
  4348 | Sewer    | 4348 ||| Stepping ~*~*~tactically~*~*~ (water).
  4369 | Sewer    | 4369 ||| Stepping ~*~*~tactically~*~*~ (water).
  4410 | Sewer    | 4410 ||| Stepping ~*~*~tactically~*~*~ (water).
  4432 | Sewer    | 4432 ||| INVOKING Heroism.
  4518 | D:5      | 4518 ||| PLANNING D:1-11
  4759 | D:5      | 4759 ||| INVOKING Heroism.
  4845 | D:5      | 4845 ||| INVOKING Heroism.
  4861 | D:5      | HP: 10/49 [gnoll sergeant/+0 spear (5)]
  4864 | D:5      | Reached skill level 9 in Ranged Weapons
  5189 | D:5      | Reached XP level 9. HP: 54/54 MP: 13/13
  5243 | D:5      | Identified the ring of Voecin {Ice rN++ Int-3 Slay+3 SInv}
  5316 | D:5      | Reached skill level 6 in Fighting
  5352 | D:5      | 5352 ||| UPGRADING to ring of Voecin {Ice rN++ Int-3 Slay+3
                  | SInv}.
  5389 | D:6      | 5389 ||| INVOKING Heroism.
  5499 | D:6      | Noticed Eustachio
  5500 | D:6      | 5500 ||| INVOKING Heroism.
  5510 | D:6      | Killed Eustachio
  5652 | D:6      | Reached skill level 10 in Ranged Weapons
  5699 | D:6      | 5699 ||| INVOKING Heroism.
  5730 | D:6      | 5730 ||| INVOKING Heroism.
  5773 | D:6      | Reached skill level 3 in Dodging
  5832 | D:6      | Found a radiant altar of Vehumet.
  5833 | D:6      | 5833 ||| INVOKING Heroism.
  6107 | D:6      | 6107 ||| READING 2 scrolls of identify.
  6107 | D:6      | 6107 ||| IDENTIFYING fuming ruby potion
  6108 | D:6      | 6108 ||| DROPPING potion of degeneration.
  6148 | D:7      | 6148 ||| PLANNING OSSUARY
  6284 | D:7      | Noticed Dowan
  6285 | D:7      | 6285 ||| SWAPPING to +0 longbow.
  6285 | D:7      | Noticed Duvessa
  6286 | D:7      | 6286 ||| INVOKING Heroism.
  6292 | D:7      | Killed Dowan
  6302 | D:7      | Killed Duvessa
  6348 | D:7      | 6348 ||| DROPPING +4 sling of freezing.
  6373 | D:7      | 6373 ||| INVOKING Heroism.
  6383 | D:7      | Reached XP level 10. HP: 63/63 MP: 12/14
  6387 | D:7      | 6387 ||| Stepping ~*~*~tactically~*~*~ (cloud).
  6416 | D:7      | Found a sparkling altar of Nemelex Xobeh.
  6431 | D:7      | Reached skill level 11 in Ranged Weapons
  6549 | D:7      | Found a sand-covered staircase.
  6550 | D:7      | 6550 ||| UPGRADING to +0 steam dragon scales.
  6560 | D:7      | 6560 ||| DROPPING +0 ring mail.
  6561 | D:7      | 6561 ||| DROPPING +0 leather armour "Teocugob" {rC+}.
  6570 | Ossuary  | Entered an ossuary
  6576 | Ossuary  | 6576 ||| Stepping ~*~*~tactically~*~*~ (outnumbered).
  6581 | Ossuary  | Reached *** piety under Okawaru
  6597 | Ossuary  | 6597 ||| Stepping ~*~*~tactically~*~*~ (water).
  6609 | Ossuary  | Reached skill level 3 in Armour
  6612 | Ossuary  | 6612 ||| Stepping ~*~*~tactically~*~*~ (water).
  6620 | Ossuary  | 6620 ||| READING scroll of enchant weapon.
  6620 | Ossuary  | 6620 ||| ENCHANTING +0 longbow.
  6639 | Ossuary  | 6639 ||| Stepping ~*~*~tactically~*~*~ (water).
  6658 | Ossuary  | 6658 ||| Stepping ~*~*~tactically~*~*~ (water).
  6667 | Ossuary  | 6667 ||| Stepping ~*~*~tactically~*~*~ (water).
  6669 | Ossuary  | 6669 ||| Stepping ~*~*~tactically~*~*~ (water).
  6674 | Ossuary  | 6674 ||| Stepping ~*~*~tactically~*~*~ (water).
  6689 | Ossuary  | 6689 ||| Stepping ~*~*~tactically~*~*~ (water).
  6760 | Ossuary  | 6760 ||| Stepping ~*~*~tactically~*~*~ (water).
  6824 | Ossuary  | 6824 ||| READING 2 scrolls labelled EKECRIT HUPPEK.
  6856 | Ossuary  | 6856 ||| READING 2 scrolls labelled KOWOUNOETE.
  6860 | Ossuary  | 6860 ||| READING scroll labelled HOQASK PUVVOMU.
  6861 | Ossuary  | 6861 ||| DRINKING 2 dark potions.
  6862 | Ossuary  | 6862 ||| DRINKING 3 bubbling cyan potions.
  6863 | Ossuary  | 6863 ||| DRINKING 2 clear potions.
  6890 | Ossuary  | 6890 ||| READING 4 scrolls of identify.
  6890 | Ossuary  | 6890 ||| IDENTIFYING cyan potion
  6891 | Ossuary  | 6891 ||| DROPPING scroll of torment.
  6892 | Ossuary  | 6892 ||| DROPPING potion of invisibility.
  6893 | Ossuary  | 6893 ||| DROPPING potion of lignification.
  6908 | D:7      | 6908 ||| PLANNING D:1-11
  7013 | D:7      | Found Uzumes's Jewellery Emporium.
  7019 | D:7      | 7019 ||| SHOPLISTING +6 ring of dexterity (540 gold, have
                  | 283).
  7019 | D:7      | 7019 ||| SHOPLISTING ring of fire (375 gold, have 283).
  7697 | D:8      | 7697 ||| INVOKING Heroism.
  7755 | D:8      | 7755 ||| INVOKING Heroism.
  7787 | D:8      | 7787 ||| INVOKING Heroism.
  7796 | D:8      | HP: 11/64 [orc warrior/+0 halberd (9)]
  7797 | D:8      | Reached skill level 12 in Ranged Weapons
  7797 | D:8      | 7797 ||| READING scroll of teleportation.
  7799 | D:8      | HP: 3/64 [ogre/+0 giant spiked club (9)]
  8019 | D:8      | 8019 ||| INVOKING Heroism.
  8084 | D:8      | Found a runed translucent door.
  8084 | D:8      | Noticed qw's ghost (novice MiHs)
  8250 | D:8      | 8250 ||| FLEEEEING.
  8251 | D:8      | 8251 ||| FLEEEEING.
  8252 | D:8      | 8252 ||| FLEEEEING.
  8253 | D:8      | 8253 ||| FLEEEEING.
  8254 | D:8      | 8254 ||| FLEEEEING.
  8256 | D:8      | 8256 ||| FLEEEEING.
  8257 | D:8      | 8257 ||| FLEEEEING.
  8258 | D:8      | 8258 ||| FLEEEEING.
  8260 | D:8      | 8260 ||| STAIRDANCE
  8286 | D:8      | Reached **** piety under Okawaru
  8531 | D:8      | Found a shadowy altar of Dithmenos.
  8535 | D:8      | Found a glowing silver altar of Zin.
  8539 | D:8      | Found a shimmering blue altar of Sif Muna.
  8694 | D:8      | 8694 ||| READING 3 scrolls of identify.
  8694 | D:8      | 8694 ||| IDENTIFYING bubbling yellow potion
  8695 | D:8      | 8695 ||| DROPPING potion of ambrosia.
  8711 | D:9      | 8711 ||| INVOKING Heroism.
  8805 | D:9      | Reached XP level 11. HP: 68/68 MP: 16/16
  8828 | D:9      | Noticed a two-headed ogre
  8836 | D:9      | 8836 ||| INVOKING Heroism.
  8841 | D:9      | Killed a two-headed ogre
  8867 | D:9      | Reached skill level 6 in Invocations
  8922 | D:9      | Identified the +6 war axe "Paawij" {venom, rElec}
  8961 | D:9      | Found a runed translucent door.
  8993 | D:9      | 8993 ||| INVOKING Heroism.
  8996 | D:9      | Reached skill level 13 in Ranged Weapons
  9076 | D:9      | Found a glowing golden altar of the Shining One.
  9089 | D:9      | Found the +9 sword of Power {lifebolt}
  9089 | D:9      | Noticed a flayed ghost
  9093 | D:9      | Found a shimmering altar of Xom.
  9109 | D:9      | Found a glowing golden altar of the Shining One.
  9137 | D:9      | Found a glowing silver altar of Zin.
  9194 | D:9      | Found a glowing golden altar of the Shining One.
  9209 | D:9      | Found a blossoming altar of Fedhas.
  9369 | D:9      | Reached ***** piety under Okawaru
  9387 | D:9      | 9387 ||| Stepping ~*~*~tactically~*~*~ (outnumbered).
  9399 | D:9      | Found a shimmering altar of Xom.
  9456 | D:9      | 9456 ||| INVOKING Heroism.
  9532 | D:9      | Found a staircase to the Lair.
  9605 | D:9      | Found a bloodstained altar of Trog.
  9609 | D:9      | Noticed a wizard
  9613 | D:9      | Killed a wizard
  9847 | D:9      | 9847 ||| PLANNING LAIR
  9944 | Lair:1   | Entered Level 1 of the Lair of Beasts
  9957 | Lair:1   | 9957 ||| STAIRDANCE
  9959 | D:9      | 9959 ||| INVOKING Heroism.
  9978 | D:9      | Reached skill level 9 in Fighting
 10314 | Lair:1   | 10314 ||| STAIRDANCE
 10316 | D:9      | 10316 ||| INVOKING Heroism.
 10713 | Lair:1   | 10713 ||| INVOKING Heroism.
 10872 | Lair:1   | Noticed Maggie
 10875 | Lair:1   | 10875 ||| FLEEEEING.
 10876 | Lair:1   | 10876 ||| FLEEEEING.
 10879 | Lair:1   | 10879 ||| FLEEEEING.
 10880 | Lair:1   | 10880 ||| FLEEEEING.
 10881 | Lair:1   | 10881 ||| FLEEEEING.
 10882 | Lair:1   | 10882 ||| FLEEEEING.
 10884 | Lair:1   | 10884 ||| FLEEEEING.
 10885 | Lair:1   | 10885 ||| FLEEEEING.
 10887 | Lair:1   | 10887 ||| FLEEEEING.
 10889 | Lair:1   | 10889 ||| FLEEEEING.
 10890 | Lair:1   | 10890 ||| STAIRDANCE
 11144 | Lair:1   | 11144 ||| INVOKING Heroism.
 11153 | Lair:1   | Killed Maggie
 11344 | Lair:1   | Received a gift from Okawaru
 11357 | Lair:1   | 11357 ||| INVOKING Heroism.
 11462 | Lair:1   | 11462 ||| INVOKING Heroism.
 11485 | Lair:1   | 11485 ||| INVOKING Heroism.
 11491 | Lair:1   | Reached skill level 9 in Invocations
 11538 | Lair:1   | 11538 ||| INVOKING Heroism.
 11543 | Lair:1   | 11543 ||| Stepping ~*~*~tactically~*~*~ (cloud).
 11557 | Lair:1   | Reached XP level 12. HP: 75/76 MP: 20/20
 11724 | Lair:1   | 11724 ||| INVOKING Heroism.
 12026 | Lair:1   | Reached skill level 14 in Ranged Weapons
 12030 | Lair:1   | 12030 ||| INVOKING Heroism.
 12330 | Lair:1   | 12330 ||| UPGRADING to +1 hat.
 12335 | Lair:1   | 12335 ||| UPGRADING to +2 pair of boots.
 12345 | Lair:1   | 12345 ||| DROPPING +0 pair of boots.
 12373 | Lair:2   | Noticed a catoblepas
 12374 | Lair:2   | 12374 ||| INVOKING Heroism.
 12381 | Lair:2   | Killed a catoblepas
 12409 | Lair:2   | 12409 ||| INVOKING Heroism.
 12819 | Lair:2   | Noticed a five-headed hydra
 12820 | Lair:2   | 12820 ||| INVOKING Heroism.
 12823 | Lair:2   | Killed a five-headed hydra
 12824 | Lair:2   | Reached skill level 15 in Ranged Weapons
 12852 | Lair:2   | 12852 ||| INVOKING Heroism.
 13196 | Lair:2   | 13196 ||| INVOKING Heroism.
 13481 | Lair:2   | 13481 ||| DROPPING ring of positive energy.
 13482 | Lair:2   | 13482 ||| READING 9 scrolls of identify.
 13482 | Lair:2   | 13482 ||| IDENTIFYING amethyst potion
 13513 | Lair:3   | Found a staircase to the Swamp.
 13536 | Lair:3   | 13536 ||| Stepping ~*~*~tactically~*~*~ (outnumbered).
 13590 | Lair:3   | Found a staircase to the Snake Pit.
 13821 | Lair:3   | 13821 ||| INVOKING Heroism.
 13917 | Lair:3   | 13917 ||| INVOKING Heroism.
 13919 | Lair:3   | Reached XP level 13. HP: 54/82 MP: 19/22
 14042 | Lair:3   | 14042 ||| INVOKING Heroism.
 14066 | Lair:3   | Reached skill level 16 in Ranged Weapons
 14217 | Lair:3   | 14217 ||| INVOKING Heroism.
 14432 | Lair:3   | 14432 ||| INVOKING Heroism.
 14433 | Lair:3   | 14433 ||| INVOKING Finesse.
 14483 | Lair:3   | HP: 21/84 [death yak (10)]
 14484 | Lair:3   | 14484 ||| READING 2 scrolls of teleportation.
 14890 | Lair:4   | 14890 ||| INVOKING Heroism.
 14894 | Lair:4   | Received a gift from Okawaru
 14961 | Lair:4   | 14961 ||| INVOKING Heroism.
 14975 | Lair:4   | HP: 18/84 [elephant (7)]
 14976 | Lair:4   | 14976 ||| READING scroll of teleportation.
 15181 | Lair:4   | 15181 ||| INVOKING Heroism.
 15199 | Lair:4   | 15199 ||| READING scroll of enchant weapon.
 15199 | Lair:4   | 15199 ||| ENCHANTING +1 longbow.
 15286 | Lair:4   | Noticed Rupert
 15287 | Lair:4   | 15287 ||| INVOKING Heroism.
 15288 | Lair:4   | 15288 ||| DRINKING 4 potions of curing.
 15288 | Lair:4   | 15288 ||| (to cure confusion)
 15289 | Lair:4   | 15289 ||| INVOKING Finesse.
 15300 | Lair:4   | Killed Rupert
 15301 | Lair:4   | Reached skill level 17 in Ranged Weapons
 15383 | Lair:4   | 15383 ||| INVOKING Heroism.
 15863 | Lair:5   | Entered Level 5 of the Lair of Beasts
 15866 | Lair:5   | 15866 ||| INVOKING Heroism.
 15887 | Lair:5   | Reached skill level 6 in Dodging
 15960 | Lair:5   | 15960 ||| INVOKING Heroism.
 16035 | Lair:5   | 16035 ||| INVOKING Heroism.
 16039 | Lair:5   | Gained mutation: Your large and strong wings let you fly.
                  | [Gargoyle growth]
 16039 | Lair:5   | Reached XP level 14. HP: 90/90 MP: 20/23
 16311 | Lair:5   | Reached skill level 18 in Ranged Weapons
 16311 | Lair:5   | Identified the +6 crystal plate armour of the Forest {rF-
                  | Will+ Int+3 Dex+8} (Okawaru gifted it to you on level 5 of
                  | the Lair of Beasts)
 16311 | Lair:5   | Received a gift from Okawaru
 16313 | Lair:5   | Reached ****** piety under Okawaru
 16380 | Lair:5   | Found a staircase to the Slime Pits.
 16400 | Lair:5   | Found a viscous altar of Jiyva.
 16451 | Lair:5   | 16451 ||| INVOKING Heroism.
 16461 | Lair:5   | 16461 ||| FLEEEEING.
 16464 | Lair:5   | 16464 ||| FLEEEEING.
 16465 | Lair:5   | 16465 ||| FLEEEEING.
 16466 | Lair:5   | 16466 ||| FLEEEEING.
 16467 | Lair:5   | 16467 ||| FLEEEEING.
 16468 | Lair:5   | 16468 ||| FLEEEEING.
 16469 | Lair:5   | 16469 ||| FLEEEEING.
 16470 | Lair:5   | 16470 ||| FLEEEEING.
 16471 | Lair:5   | 16471 ||| FLEEEEING.
 16472 | Lair:5   | 16472 ||| FLEEEEING.
 16475 | Lair:5   | 16475 ||| FLEEEEING.
 16476 | Lair:5   | 16476 ||| FLEEEEING.
 16477 | Lair:5   | 16477 ||| FLEEEEING.
 16478 | Lair:5   | 16478 ||| STAIRDANCE
 16618 | Lair:4   | 16618 ||| READING 12 scrolls of identify.
 16618 | Lair:4   | 16618 ||| IDENTIFYING fizzy green potion
 16622 | Lair:5   | 16622 ||| STAIRDANCE
 16710 | Lair:5   | Reached skill level 12 in Fighting
 16763 | Lair:5   | Found a large runed translucent door.
 16763 | Lair:5   | Found a large runed translucent door.
 17075 | Lair:5   | 17075 ||| Stepping ~*~*~tactically~*~*~ (outnumbered).
 17088 | Lair:5   | 17088 ||| Stepping ~*~*~tactically~*~*~ (outnumbered).
 17095 | Lair:5   | 17095 ||| Stepping ~*~*~tactically~*~*~ (outnumbered).
 17097 | Lair:5   | 17097 ||| INVOKING Heroism.
 17099 | Lair:5   | 17099 ||| Stepping ~*~*~tactically~*~*~ (outnumbered).
 17103 | Lair:5   | Reached skill level 6 in Armour
 17113 | Lair:5   | HP: 15/92 [komodo dragon (13)]
 17114 | Lair:5   | 17114 ||| READING scroll of teleportation.
 17115 | Lair:5   | 17115 ||| DRINKING potion of heal wounds.
 17329 | Lair:5   | 17329 ||| INVOKING Heroism.
 17474 | Lair:5   | 17474 ||| Stepping ~*~*~tactically~*~*~ (outnumbered).
 17592 | Lair:5   | 17592 ||| PLANNING D:1-11
 17660 | Lair:1   | 17660 ||| Stepping randomly (stuck).
 17696 | Lair:1   | 17696 ||| UPGRADING to +0 swamp dragon scales.
 17706 | Lair:1   | 17706 ||| DROPPING +0 steam dragon scales.
 17729 | D:10     | Entered Level 10 of the Dungeon
 18083 | D:10     | Noticed Fannar
 18093 | D:10     | Killed Fannar
 18628 | D:10     | 18628 ||| READING scroll labelled FORETZI VUDD.
 18628 | D:10     | Identified a scroll of acquirement
 18628 | D:10     | 18628 ||| ACQUIRING +1 cloak of Starlight {*Dazzle EV+4
                  | Stlth--}
 18628 | D:10     | Acquired the +1 cloak of Starlight {*Dazzle EV+4 Stlth--}
 18628 | D:10     | Found the +1 cloak of Starlight {*Dazzle EV+4 Stlth--}
 18630 | D:10     | 18630 ||| UPGRADING to +1 cloak of Starlight {*Dazzle EV+4
                  | Stlth--}.
 18635 | D:10     | 18635 ||| READING scroll labelled HAYDYLEDIASCH.
 18636 | D:10     | 18636 ||| READING scroll labelled RONILL ZAMOVO.
 18664 | D:11     | Noticed Erica
 18664 | D:11     | Noticed Sonja
 18665 | D:11     | 18665 ||| INVOKING Heroism.
 18666 | D:11     | 18666 ||| INVOKING Finesse.
 18677 | D:11     | Killed Sonja
 18679 | D:11     | Killed Erica
 18731 | D:11     | 18731 ||| Stepping ~*~*~tactically~*~*~ (outnumbered).
 18733 | D:11     | 18733 ||| Stepping ~*~*~tactically~*~*~ (outnumbered).
 18735 | D:11     | 18735 ||| Stepping ~*~*~tactically~*~*~ (outnumbered).
 18740 | D:11     | 18740 ||| Stepping ~*~*~tactically~*~*~ (outnumbered).
 18741 | D:11     | 18741 ||| Stepping ~*~*~tactically~*~*~ (outnumbered).
 19268 | D:11     | Reached skill level 9 in Armour
 19295 | D:11     | Identified the +4 ring mail "Meun" {Str+4} (Okawaru gifted
                  | it to you on level 11 of the Dungeon)
 19295 | D:11     | Received a gift from Okawaru
 19639 | D:11     | 19639 ||| PLANNING D
 19639 | D:11     | 19639 ||| UPGRADING to +4 ring mail "Meun" {Str+4}.
 19649 | D:11     | 19649 ||| DROPPING +0 swamp dragon scales.
 19650 | D:11     | 19650 ||| DROPPING +2 robe of cold resistance.
 19691 | D:12     | 19691 ||| INVOKING Heroism.
 19719 | D:12     | 19719 ||| STAIRDANCE
 19899 | D:12     | 19899 ||| INVOKING Heroism.
 19955 | D:12     | 19955 ||| Stepping ~*~*~tactically~*~*~ (outnumbered).
 19957 | D:12     | 19957 ||| Stepping ~*~*~tactically~*~*~ (outnumbered).
 19958 | D:12     | 19958 ||| Stepping ~*~*~tactically~*~*~ (outnumbered).
 19961 | D:12     | 19961 ||| Stepping ~*~*~tactically~*~*~ (outnumbered).
 19981 | D:12     | Found a frozen archway.
 20064 | D:12     | 20064 ||| Stepping ~*~*~tactically~*~*~ (outnumbered).
 20075 | D:12     | Reached skill level 19 in Ranged Weapons
 20083 | D:12     | 20083 ||| Stepping ~*~*~tactically~*~*~ (outnumbered).
 20093 | D:12     | 20093 ||| FLEEEEING.
 20094 | D:12     | 20094 ||| FLEEEEING.
 20095 | D:12     | 20095 ||| FLEEEEING.
 20096 | D:12     | 20096 ||| FLEEEEING.
 20097 | D:12     | 20097 ||| FLEEEEING.
 20098 | D:12     | 20098 ||| STAIRDANCE
 20126 | D:11     | 20126 ||| DROPPING +1 hat.
 20133 | D:12     | Reached XP level 15. HP: 89/96 MP: 24/24
 20197 | D:12     | Found a staircase to the Orcish Mines.
 20369 | D:12     | 20369 ||| INVOKING Heroism.
 20429 | D:12     | 20429 ||| INVOKING Heroism.
 20430 | D:12     | 20430 ||| INVOKING Finesse.
 20497 | D:12     | 20497 ||| INVOKING Heroism.
 20551 | D:12     | Identified the ring of Day {Fly rPois}
 20552 | D:12     | 20552 ||| FLEEEEING.
 20618 | D:12     | 20618 ||| INVOKING Heroism.
 20658 | D:12     | Identified the ring "Qutan" {rC+ rCorr Int+3}
 20679 | D:12     | Found a shadowy altar of Dithmenos.
 20700 | D:12     | Identified the ring "Ecizodgh" {rF+ rC+ Str+4 Slay+2}
 20729 | D:12     | 20729 ||| INVOKING Heroism.
 20741 | D:12     | Identified the +0 pair of boots "Tadaiw" {Str+3 SInv}
                  | (Okawaru gifted it to you on level 12 of the Dungeon)
 20741 | D:12     | Received a gift from Okawaru
 21176 | D:12     | 21176 ||| INVOKING Heroism.
 21177 | D:12     | 21177 ||| READING scroll of teleportation.
 21728 | D:12     | 21728 ||| UPGRADING to +0 helmet.
 21738 | D:12     | 21738 ||| DROPPING +1 hat.
 21739 | D:12     | 21739 ||| DROPPING ring of protection from fire.
 21740 | D:12     | 21740 ||| DROPPING ring "Qutan" {rC+ rCorr Int+3}.
 21741 | D:12     | 21741 ||| UPGRADING to ring "Ecizodgh" {rF+ rC+ Str+4
                  | Slay+2}.
 21743 | D:12     | 21743 ||| UPGRADING to +0 pair of boots "Tadaiw" {Str+3
                  | SInv}.
 21753 | D:12     | 21753 ||| READING 12 scrolls of identify.
 21753 | D:12     | 21753 ||| IDENTIFYING viscous ruby potion
 21754 | D:12     | 21754 ||| DROPPING potion of berserk rage.
 22099 | D:13     | 22099 ||| INVOKING Heroism.
 22122 | D:13     | Found a gate to the Vaults.
 22144 | D:13     | 22144 ||| Stepping ~*~*~tactically~*~*~ (outnumbered).
 22157 | D:13     | 22157 ||| INVOKING Heroism.
 22315 | D:13     | Noticed Frances
 22316 | D:13     | 22316 ||| INVOKING Heroism.
 22317 | D:13     | 22317 ||| INVOKING Finesse.
 22341 | D:13     | Killed Frances
 22389 | D:13     | Noticed Snorg
 22401 | D:13     | 22401 ||| INVOKING Heroism.
 22402 | D:13     | Killed Snorg
 22446 | D:13     | Noticed Josephine
 22457 | D:13     | Killed Josephine
 22510 | D:13     | Found a shimmering altar of Xom.
 22511 | D:13     | Found a shimmering altar of Xom.
 22511 | D:13     | Found a shimmering altar of Xom.
 22514 | D:13     | Found a shimmering altar of Xom.
 22585 | D:13     | Reached skill level 20 in Ranged Weapons
 22912 | D:13     | Noticed Maurice
 22921 | D:13     | Killed Maurice
 22945 | D:13     | 22945 ||| UPGRADING to +2 troll leather armour {Snorg}.
 22955 | D:13     | 22955 ||| DROPPING +4 ring mail "Meun" {Str+4}.
 23022 | D:14     | Found Kaokibbi's Weapon Emporium.
 23027 | D:14     | Received a gift from Okawaru
 23072 | D:14     | 23072 ||| INVOKING Heroism.
 23073 | D:14     | 23073 ||| Stepping ~*~*~tactically~*~*~ (outnumbered).
 23572 | D:14     | 23572 ||| Stepping ~*~*~tactically~*~*~ (outnumbered).
 23714 | D:14     | Identified the +5 executioner's axe "Unliep" {chaos, rPois
                  | rC+ MP+9} (Okawaru gifted it to you on level 14 of the
                  | Dungeon)
 23714 | D:14     | Received a gift from Okawaru
 23723 | D:14     | Reached XP level 16. HP: 106/106 MP: 25/25
 24047 | D:15     | Entered Level 15 of the Dungeon
 24114 | D:15     | 24114 ||| FLEEEEING.
 24115 | D:15     | 24115 ||| FLEEEEING.
 24116 | D:15     | 24116 ||| FLEEEEING.
 24117 | D:15     | 24117 ||| FLEEEEING.
 24122 | D:15     | 24122 ||| FLEEEEING.
 24123 | D:15     | 24123 ||| FLEEEEING.
 24124 | D:15     | 24124 ||| FLEEEEING.
 24125 | D:15     | 24125 ||| FLEEEEING.
 24126 | D:15     | 24126 ||| FLEEEEING.
 24127 | D:15     | 24127 ||| FLEEEEING.
 24128 | D:15     | 24128 ||| FLEEEEING.
 24129 | D:15     | 24129 ||| FLEEEEING.
 24273 | D:15     | 24273 ||| INVOKING Heroism.
 24330 | D:15     | Found a staircase to the Depths.
 24408 | D:15     | 24408 ||| INVOKING Heroism.
 24438 | D:15     | Identified the +8 trident "Ogybiatz" {flame, Will+ Int+3}
 24636 | D:15     | Found a stormy altar of Qazlal.
 24806 | D:15     | 24806 ||| PLANNING ORC
 24806 | D:15     | 24806 ||| DROPPING +1 hat.
 24807 | D:15     | 24807 ||| READING 14 scrolls of identify.
 24807 | D:15     | 24807 ||| IDENTIFYING fuming black potion
 24965 | Orc:1    | Entered Level 1 of the Orcish Mines
 25150 | Orc:1    | 25150 ||| Stepping ~*~*~tactically~*~*~ (outnumbered).
 25152 | Orc:1    | 25152 ||| Stepping ~*~*~tactically~*~*~ (outnumbered).
 25162 | Orc:1    | 25162 ||| Stepping ~*~*~tactically~*~*~ (outnumbered).
 25186 | Orc:1    | Reached skill level 15 in Fighting
 25189 | Orc:1    | 25189 ||| INVOKING Heroism.
 25190 | Orc:1    | 25190 ||| INVOKING Finesse.
 25246 | Orc:1    | Identified the +11 chain mail "Feoxkoro" {Slay+3}
 25301 | Orc:1    | HP: 26/108 [troll (9)]
 25302 | Orc:1    | 25302 ||| DRINKING 2 potions of heal wounds.
 25307 | Orc:1    | 25307 ||| INVOKING Heroism.
 25382 | Orc:1    | 25382 ||| FLEEEEING.
 25413 | Orc:1    | 25413 ||| INVOKING Heroism.
 25484 | Orc:2    | Entered Level 2 of the Orcish Mines
 25490 | Orc:2    | 25490 ||| INVOKING Heroism.
 25491 | Orc:2    | 25491 ||| INVOKING Finesse.
 25505 | Orc:2    | Reached skill level 9 in Dodging
 25608 | Orc:2    | 25608 ||| INVOKING Heroism.
 25673 | Orc:1    | Noticed Erolcha
 25678 | Orc:1    | 25678 ||| INVOKING Heroism.
 25707 | Orc:1    | Killed Erolcha
 25782 | Orc:1    | Found Jideit's Antique Weapon Shoppe.
 25902 | Orc:2    | 25902 ||| Stepping ~*~*~tactically~*~*~ (outnumbered).
 25904 | Orc:2    | 25904 ||| Stepping ~*~*~tactically~*~*~ (outnumbered).
 25910 | Orc:2    | 25910 ||| Stepping ~*~*~tactically~*~*~ (outnumbered).
 25913 | Orc:2    | 25913 ||| INVOKING Heroism.
 25934 | Orc:2    | 25934 ||| Stepping ~*~*~tactically~*~*~ (outnumbered).
 25941 | Orc:2    | 25941 ||| Stepping ~*~*~tactically~*~*~ (outnumbered).
 25975 | Orc:2    | 25975 ||| INVOKING Heroism.
 26002 | Orc:2    | 26002 ||| Stepping ~*~*~tactically~*~*~ (outnumbered).
 26005 | Orc:2    | 26005 ||| Stepping ~*~*~tactically~*~*~ (outnumbered).
 26039 | Orc:2    | 26039 ||| Stepping ~*~*~tactically~*~*~ (outnumbered).
 26041 | Orc:2    | 26041 ||| INVOKING Heroism.
 26052 | Abyss:3  | Cast into level 3 of the Abyss (orc warlord)
 26186 | Abyss:3  | 26186 ||| INVOKING Heroism.
 26224 | Abyss:3  | Identified the +4 shortbow "Wagyip" {heavy, rF+ Dex+5}
                  | (Okawaru gifted it to you on level 3 of the Abyss)
 26224 | Abyss:3  | Received a gift from Okawaru
 26350 | Abyss:3  | Noticed a tentacled starspawn
 26359 | Abyss:3  | Killed a tentacled starspawn
 26468 | Orc:2    | Escaped the Abyss
 26469 | Orc:2    | 26469 ||| INVOKING Heroism.
 26470 | Orc:2    | 26470 ||| INVOKING Finesse.
 26531 | Orc:2    | 26531 ||| Stepping ~*~*~tactically~*~*~ (outnumbered).
 26543 | Orc:2    | 26543 ||| INVOKING Heroism.
 26554 | Orc:2    | 26554 ||| Stepping ~*~*~tactically~*~*~ (outnumbered).
 26557 | Orc:2    | 26557 ||| Stepping ~*~*~tactically~*~*~ (outnumbered).
 26585 | Orc:2    | 26585 ||| INVOKING Heroism.
 26591 | Orc:2    | 26591 ||| Stepping ~*~*~tactically~*~*~ (outnumbered).
 26592 | Orc:2    | 26592 ||| Stepping ~*~*~tactically~*~*~ (outnumbered).
 26595 | Orc:2    | 26595 ||| Stepping ~*~*~tactically~*~*~ (outnumbered).
 26597 | Orc:2    | 26597 ||| Stepping ~*~*~tactically~*~*~ (outnumbered).
 26601 | Orc:2    | 26601 ||| Stepping ~*~*~tactically~*~*~ (outnumbered).
 26621 | Orc:2    | 26621 ||| Stepping ~*~*~tactically~*~*~ (outnumbered).
 26623 | Orc:2    | 26623 ||| Stepping ~*~*~tactically~*~*~ (outnumbered).
 26635 | Orc:2    | 26635 ||| Stepping ~*~*~tactically~*~*~ (outnumbered).
 26643 | Orc:2    | 26643 ||| INVOKING Heroism.
 26714 | Orc:2    | Found Plog's Antique Armour Boutique.
 26715 | Orc:2    | Found Kouckuomp's Antique Weapon Shop.
 26717 | Orc:2    | Found Cadusiv's General Store.
 26717 | Orc:2    | Found Wontu's Book Boutique.
 26721 | Orc:2    | 26721 ||| BUYING potion of curing (51 gold).
 26721 | Orc:2    | Bought a potion of curing for 51 gold pieces
 26721 | Orc:2    | 26721 ||| BUYING scroll of brand weapon (161 gold).
 26721 | Orc:2    | Bought a scroll of brand weapon for 161 gold pieces
 26721 | Orc:2    | 26721 ||| READING scroll of brand weapon.
 26721 | Orc:2    | 26721 ||| BRANDING +2 longbow.
 26732 | Orc:2    | 26732 ||| BUYING glowing leather armour (145 gold).
 26732 | Orc:2    | Bought a glowing leather armour for 145 gold pieces
 26734 | Orc:2    | 26734 ||| BUYING runed hand crossbow (188 gold).
 26734 | Orc:2    | Bought a runed hand crossbow for 188 gold pieces
 26734 | Orc:2    | 26734 ||| DROPPING +2 hand crossbow of freezing.
 26933 | Orc:2    | Found a staircase to the Elven Halls.
 26935 | Orc:2    | Found Matuorph's Jewellery Shop.
 26950 | Orc:2    | 26950 ||| BUYING +6 ring of dexterity (360 gold).
 26950 | Orc:2    | Bought a +6 ring of dexterity for 360 gold pieces
 26981 | Orc:2    | 26981 ||| Stepping ~*~*~tactically~*~*~ (outnumbered).
 26982 | Orc:2    | 26982 ||| Stepping ~*~*~tactically~*~*~ (outnumbered).
 27059 | Orc:2    | 27059 ||| PLANNING SWAMP:1-3
 27059 | Orc:2    | 27059 ||| DROPPING +3 leather armour of willpower.
 27060 | Orc:2    | 27060 ||| DROPPING +4 ring of protection.
 27061 | Orc:2    | 27061 ||| DROPPING ring of protection from fire.
 27062 | Orc:2    | 27062 ||| UPGRADING to +6 ring of dexterity.
 27293 | Swamp:1  | Entered Level 1 of the Swamp
 27294 | Swamp:1  | 27294 ||| INVOKING Heroism.
 27375 | Swamp:1  | Reached XP level 17. HP: 117/117 MP: 26/26
 27405 | Swamp:1  | 27405 ||| INVOKING Heroism.
 27495 | Swamp:1  | Found a glowing golden altar of the Shining One.
 27646 | Swamp:1  | 27646 ||| INVOKING Heroism.
 27673 | Swamp:1  | 27673 ||| INVOKING Heroism.
 27675 | Swamp:1  | 27675 ||| Stepping ~*~*~tactically~*~*~ (outnumbered).
 27768 | Swamp:1  | 27768 ||| READING scroll of enchant weapon.
 27768 | Swamp:1  | 27768 ||| ENCHANTING +2 longbow of flaming.
 27880 | Swamp:2  | Received a gift from Okawaru
 27899 | Swamp:2  | 27899 ||| INVOKING Heroism.
 28177 | Swamp:2  | 28177 ||| INVOKING Heroism.
 28193 | Swamp:2  | 28193 ||| READING scroll of enchant weapon.
 28193 | Swamp:2  | 28193 ||| ENCHANTING +3 longbow of flaming.
 28321 | Swamp:2  | 28321 ||| READING scroll of brand weapon.
 28321 | Swamp:2  | 28321 ||| BRANDING +4 longbow of flaming.
 28506 | Swamp:3  | 28506 ||| INVOKING Heroism.
 28612 | Swamp:3  | 28612 ||| INVOKING Heroism.
 28639 | Swamp:3  | Identified the +0 kite shield "Afaob" {rC- Regen+ Slay+5}
                  | (Okawaru gifted it to you on level 3 of the Swamp)
 28639 | Swamp:3  | Received a gift from Okawaru
 28772 | Swamp:3  | 28772 ||| INVOKING Heroism.
 28818 | Swamp:3  | 28818 ||| INVOKING Heroism.
 28898 | Swamp:3  | 28898 ||| INVOKING Heroism.
 28976 | Swamp:3  | 28976 ||| READING scroll of enchant armour.
 28976 | Swamp:3  | 28976 ||| ENCHANTING +0 pair of gloves.
 29006 | Swamp:3  | 29006 ||| INVOKING Heroism.
 29349 | Swamp:3  | 29349 ||| PLANNING SNAKE:1-3
 29349 | Swamp:3  | 29349 ||| DROPPING +1 ring mail of willpower.
 29447 | Snake:1  | Entered Level 1 of the Snake Pit
 29447 | Snake:1  | Noticed Aizul
 29448 | Snake:1  | 29448 ||| INVOKING Heroism.
 29449 | Snake:1  | 29449 ||| INVOKING Finesse.
 29456 | Snake:1  | Killed Aizul
 29457 | Snake:1  | Reached skill level 18 in Fighting
 29517 | Snake:1  | Noticed Kirke
 29522 | Snake:1  | 29522 ||| Stepping ~*~*~tactically~*~*~ (outnumbered).
 29537 | Snake:1  | Killed Kirke
 29559 | Snake:1  | 29559 ||| DRINKING potion of experience.
 29559 | Snake:1  | Reached skill level 12 in Dodging
 29559 | Snake:1  | Reached XP level 18. HP: 125/125 MP: 28/28
 29638 | Snake:1  | 29638 ||| INVOKING Heroism.
 29659 | Snake:1  | 29659 ||| READING 3 scrolls of brand weapon.
 29659 | Snake:1  | 29659 ||| BRANDING +4 longbow of chaos.
 29660 | Snake:1  | 29660 ||| READING 2 scrolls of brand weapon.
 29660 | Snake:1  | 29660 ||| BRANDING +4 longbow of freezing.
 29661 | Snake:1  | 29661 ||| READING scroll of brand weapon.
 29661 | Snake:1  | 29661 ||| BRANDING +4 longbow of chaos.
 29771 | Snake:1  | 29771 ||| Stepping ~*~*~tactically~*~*~ (outnumbered).
 30217 | Snake:1  | 30217 ||| DROPPING +1 cloak.
 30337 | Snake:2  | 30337 ||| INVOKING Heroism.
 30451 | Snake:2  | Identified the +6 orcbow of Feanweuh {freeze, Will+ Int+2
                  | Dex+5} (Okawaru gifted it to you on level 2 of the Snake
                  | Pit)
 30451 | Snake:2  | Received a gift from Okawaru
 30453 | Snake:2  | 30453 ||| INVOKING Heroism.
 30732 | Snake:2  | Found Diluvez's Book Shoppe.
 30733 | Snake:2  | Found Paurun's Jewellery Shop.
 30736 | Snake:2  | Found Nibruk's Book Shoppe.
 30894 | Snake:2  | 30894 ||| INVOKING Heroism.
 30898 | Snake:2  | 30898 ||| Stepping ~*~*~tactically~*~*~ (outnumbered).
 30899 | Snake:2  | 30899 ||| Stepping ~*~*~tactically~*~*~ (outnumbered).
 30912 | Snake:2  | Reached XP level 19. HP: 132/132 MP: 29/29
 31340 | Snake:3  | Noticed Vashnia
 31341 | Snake:3  | 31341 ||| INVOKING Heroism.
 31350 | Snake:3  | 31350 ||| STAIRDANCE
 31352 | Snake:2  | Killed Vashnia
 31416 | Snake:3  | 31416 ||| INVOKING Heroism.
 31426 | Snake:3  | 31426 ||| STAIRDANCE
 31426 | Snake:3  | HP: 33/132 [naga sharpshooter/arrow[Vashnia] (6)]
 31429 | Snake:2  | 31429 ||| READING 5 scrolls of teleportation.
 31430 | Snake:2  | 31430 ||| DRINKING potion of heal wounds.
 31554 | Snake:3  | 31554 ||| INVOKING Heroism.
 31591 | Snake:3  | Noticed Azrael
 31597 | Snake:3  | Killed Azrael
 31660 | Snake:3  | 31660 ||| INVOKING Heroism.
 31663 | Snake:3  | Noticed Mara
 31669 | Snake:3  | Noticed qw's illusion
 31683 | Snake:3  | Noticed qw's illusion
 31688 | Snake:3  | Noticed qw's illusion
 31695 | Snake:3  | 31695 ||| INVOKING Heroism.
 31713 | Snake:3  | HP: 32/132 [naga sharpshooter/bolt (17)]
 31714 | Snake:3  | 31714 ||| READING 5 scrolls of teleportation.
 31716 | Snake:3  | 31716 ||| READING 4 scrolls of teleportation.
 31720 | Snake:3  | 31720 ||| READING 3 scrolls of teleportation.
 31723 | Snake:3  | 31723 ||| READING 2 scrolls of teleportation.
 31725 | Snake:3  | 31725 ||| READING scroll of teleportation.
 31725 | Snake:3  | HP: 32/132 [black mamba (1)]
 31730 | Snake:3  | 31730 ||| INVOKING Heroism.
 31741 | Snake:3  | 31741 ||| INVOKING Heroism.
 31824 | Snake:3  | Identified the +6 trident of Ashenzari {antimagic, rElec}
 31863 | Snake:3  | 31863 ||| INVOKING Heroism.
 31865 | Snake:3  | 31865 ||| Stepping ~*~*~tactically~*~*~ (outnumbered).
 31867 | Snake:3  | 31867 ||| Stepping ~*~*~tactically~*~*~ (outnumbered).
 31873 | Snake:3  | 31873 ||| Stepping ~*~*~tactically~*~*~ (outnumbered).
 31891 | Snake:3  | 31891 ||| INVOKING Heroism.
 31942 | Snake:3  | 31942 ||| INVOKING Heroism.
 31946 | Snake:3  | Noticed qw's illusion
 31963 | Snake:3  | Noticed qw's illusion
 31965 | Snake:3  | HP: 24/132 [Mara/+0 demon trident of draining (20)]
 31967 | Snake:3  | HP: 1/132 [qw's illusion (illusionary)[Mara] (25)]
 31970 | Snake:3  | Demolished by qw's illusion (illusionary)

Levels and vault maps discovered:
D:1:      ncdulo_lavacross, layout_basic
D:2:      layout_loops_ring, minmay_quadrilaterals
D:3:      layout_basic, shapermc_ecumenical_altar_mp_highgroup,
          minmay_misc_feat_pillars
D:4:      layout_gridville, minmay_temple_entry_slanted, serial_shops,
          kennysheep_mini
D:5:      layout_gridville, gup_sewer_entry_glass, serial_shops, shop,
          minmay_hollow_rounded_squares, uniq_edmund, uniq_sigmund
D:6:      layout_cave_pods, vehumet_statue, st_stairs_5, uniq_eustachio
D:7:      layout_layer_cave, mainiacjoe_overflow_concentric_impassable,
          lightli_ossuary_entry_decrepit_ruins, serial_shops, shop,
          kennysheep_cross_bottleneck, uniq_duvessa
D:8:      kennysheep_blocky_room, layout_rooms, grunt_temple_overflow_diamond,
          special_room [special_room_orc], gammafunk_ghost_grave
D:9:      due_megacathedral, layout_basic, trog_wizard,
          lemuel_coloured_pillars_altar, dpeg_oklobed_lair, minmay_puff
D:10:     layout_loops_corners, hellmonk_bongcloud_opening, uniq_fannar
D:11:     layout_loops_ring, serial_undead, serial_undead_a, serial_undead_c,
          serial_undead_a, serial_undead_f, kennysheep_generic_room_9,
          uniq_erica, uniq_sonja
D:12:     minmay_the_grid_octo_tiled_squarecenter_mashed
          [minmay_the_grid_octo_teeth, minmay_the_grid_octo_vomiting_pacman,
          minmay_the_grid_octo_fat_diamond, minmay_the_grid_octo_chip,
          minmay_the_grid_square_5x5_megaprize_diamond,
          minmay_the_grid_square_5x5_two_small,
          minmay_the_grid_square_5x5_longway,
          minmay_the_grid_square_5x5_shrine2, minmay_the_grid_square_5x5_lines],
          layout_cave_pods, david_orc_4, portal_ice_cave_entry_imps
D:13:     layout_irregular_city, david_vaults_2, xom_shifter_show,
          uniq_josephine, uniq_frances, uniq_maurice, uniq_snorg
D:14:     layout_cave_pods, serial_shops, shop, nicolae_eternal_life,
          argonaut_gorgonesque
D:15:     grunt_enter_depths_hoard, layout_loops_ring,
          nicolae_qazlal_eye_of_the_storm
Temple:   bh_familiar_temple
Lair:1:   layout_misc_corridors, uniq_maggie
Lair:2:   layout_gridlike, infiniplex_staircase_pool_2, serial_bayou_shore_b,
          grunt_megastairs_4
Lair:3:   layout_regular_city, swamp_mist, nicolae_snake_entry_squirm,
          grunt_megastairs_2
Lair:4:   layout_hall_layers, serial_bayou_shore_b, serial_bayou_shore_a,
          lemuel_fruit_tree, uniq_rupert
Lair:5:   cheibrodos_lair_end_hotspot, layout_regular_city,
          nicolae_slime_entry_field_trip, pdpol_lair_cavern_descent
Swamp:1:  layout_basic_swamp, nicolae_swamp_godswood
Swamp:2:  layout_basic_swamp, serial_swamp_ruin, evilmike_swamp_ruin_house_4,
          evilmike_swamp_ruin_house_5, nicolae_swamp_bean_lake
Swamp:3:  nzn_winding_woodlands_small [nzn_winding_woodlands_5x15_zeroes,
          nzn_winding_woodlands_center_diamonds,
          nzn_winding_woodlands_5x15_pockets], layout_basic_swamp,
          hangedman_swamp_lotus, infiniplex_staircase_pool
Snake:1:  layout_grid_shapes, nicolae_coiled_stairwell_down, uniq_aizul,
          uniq_kirke
Snake:2:  layout_chambers, minmay_shop_grove
Snake:3:  layout_grid_shapes, serial_bayou_shore_b, uniq_vashnia, uniq_mara,
          uniq_azrael
Orc:1:    layout_caves, serial_shops, shop, elf_legates, uniq_erolcha
Orc:2:    st_orc_congregation, layout_diamond_mine, serial_shops, shop

Skill      XL: |  1  2  3  4  5  6  7  8  9 10 11 12 13 14 15 16 17 18 19 |
---------------+----------------------------------------------------------+-----
Ranged Weapons | 3 4 5 6 7 9 10 12 13 15 17 19 20 | 20.0
Fighting       | 2 4 5 7 8 9 10 11 12 14 17 18 19 | 19.0
Armour         | 1 2 3 4 5 9 10 11 | 11.0
Invocations    | 3 4 5 9 10 | 10.0
Dodging        | 2 3 4 5 6 7 9 12 | 12.9
Spellcasting   | |  1.0
Hexes          | |  2.6

Action                     |  1- 3 |  4- 6 |  7- 9 | 10-12 | 13-15 | 16-18 | 19-21 || total
---------------------------+-------+-------+-------+-------+-------+-------+-------++-------
   Fire: Sling             |   146 |   121 |   334 |       |       |       |       ||   601
         Longbow           |       |       |    25 |   887 |  1518 |  1332 |   192 ||  3954
 Invoke: Heroism           |       |       |    13 |    25 |    28 |    33 |    10 ||   109
         Finesse           |       |       |       |       |     5 |     4 |       ||     9
    Use: Scroll            |     7 |     4 |     1 |     8 |    10 |     9 |     6 ||    45
         Potion            |     4 |     1 |       |     3 |     2 |     2 |     1 ||    13
 Armour: Robe              |    41 |       |       |       |       |       |       ||    41
         Ring mail         |     1 |    40 |    11 |       |   103 |       |       ||   155
         Leather armour    |       |       |    26 |     4 |       |       |       ||    30
         Steam dragon scal |       |       |       |   122 |    79 |       |       ||   201
         Swamp dragon scal |       |       |       |       |    64 |       |       ||    64
         Troll leather arm |       |       |       |       |    16 |   135 |    74 ||   225
  Dodge: Dodged            |    73 |   113 |   114 |   493 |   818 |   639 |   346 ||  2596

Table legend:
 A = Non-vault XP
 B = Vault XP
 C = Vault XP percentage of total XP
 D = Non-vault monster count
 E = Vault monster count
 F = Vault count percentage of total count
                 A         B        C        D         E       F
            +---------+---------+-------+---------+---------+-------
      Total |  180849 |   86222 |  32.3 |     733 |     382 |  34.3
            +---------+---------+-------+---------+---------+-------
        D:1 |      47 |       0 |   0.0 |      25 |       0 |   0.0
        D:2 |       7 |       5 |  41.7 |       5 |       3 |  37.5
        D:3 |      55 |       0 |   0.0 |      18 |       0 |   0.0
        D:4 |     299 |       0 |   0.0 |      26 |       0 |   0.0
        D:5 |     953 |    1021 |  51.7 |      17 |      18 |  51.4
        D:6 |    1243 |     323 |  20.6 |      16 |       4 |  20.0
        D:7 |    1178 |     214 |  15.4 |      16 |       2 |  11.1
        D:8 |     546 |    1393 |  71.8 |      18 |      32 |  64.0
        D:9 |    3145 |    2067 |  39.7 |      51 |       9 |  15.0
       D:10 |    1973 |     881 |  30.9 |      15 |       1 |   6.2
       D:11 |    3052 |    7522 |  71.1 |      25 |      19 |  43.2
       D:12 |    9603 |   11046 |  53.5 |      30 |      50 |  62.5
       D:13 |   10670 |    5956 |  35.8 |      29 |      12 |  29.3
       D:14 |    7441 |    3240 |  30.3 |      24 |       7 |  22.6
       D:15 |    6875 |    1825 |  21.0 |      13 |       2 |  13.3
     Lair:1 |    7172 |     398 |   5.3 |      39 |       1 |   2.5
     Lair:2 |    6545 |    1681 |  20.4 |      24 |       4 |  14.3
     Lair:3 |    7328 |    2160 |  22.8 |      21 |       7 |  25.0
     Lair:4 |    6849 |    2168 |  24.0 |      24 |       2 |   7.7
     Lair:5 |   10150 |    9506 |  48.4 |      34 |      38 |  52.8
    Swamp:1 |   13478 |       0 |   0.0 |      28 |       0 |   0.0
    Swamp:2 |    8799 |       0 |   0.0 |      15 |       0 |   0.0
    Swamp:3 |   14262 |    4617 |  24.5 |      27 |       6 |  18.2
    Snake:1 |   14542 |    4099 |  22.0 |      31 |       8 |  20.5
    Snake:2 |   11216 |    3422 |  23.4 |      23 |       2 |   8.0
    Snake:3 |   10221 |    3057 |  23.0 |      23 |       9 |  28.1
      Orc:1 |    4371 |    7515 |  63.2 |      38 |      16 |  29.6
      Orc:2 |    7238 |   10881 |  60.1 |      56 |      65 |  53.7
    Abyss:3 |   11591 |       0 |   0.0 |      22 |       0 |   0.0
      Sewer |       0 |     274 | 100.0 |       0 |      39 | 100.0
    Ossuary |       0 |     951 | 100.0 |       0 |      26 | 100.0
            +---------+---------+-------+---------+---------+-------
